Cogmind - Beta 15 @@@ ROGUE MODE // 2025.08.15 @ 22:33:13 Player: 7604 Result: Destroyed by QL-OM7(R) with Subdweller Shrapnel Launcher Performance ------------- Evolutions (0) 0 Regions Visited (2) 400 Robots Destroyed (36) 180 Value Destroyed (801) 801 Prototype IDs (5) 100 Alien Tech Used (0) 0 Bonus (0) 0 TOTAL SCORE: 1481 Bonus ------- None Cogmind --------- Core Integrity 0/250 Matter 300/300 Energy 12/100 System Corruption 0% Temperature Cool (0) Movement Treading (240) Ox1 Location -10/Subcaves Parts ------- > --- POWER (1) -------- (None) > --- PROPULSION (2) --- Light Treads > --- UTILITY (2) ------ Large Storage Unit > --- WEAPON (2) ------- Subdweller Beam Cannon Subdweller Beam Cannon > --- INVENTORY (15) --- Ion Engine Structural Scanner Machine Analyzer Improved Terrain Scanner Seismic Detector Small Laser Particle Gun Subdweller Beam Cannon Assault Rifle Light Assault Rifle Grenade Launcher Grenade Launcher Grenade Launcher Subdweller Shrapnel Launcher Mining Laser Peak State ------------ > --- POWER ------------ Subdweller Power Source > --- PROPULSION ------- Light Treads > --- UTILITY ---------- Improved Heat Sink Large Storage Unit > --- WEAPON ----------- Subdweller Beam Cannon Subdweller Beam Cannon > --- INVENTORY -------- Ion Engine Structural Scanner Machine Analyzer Improved Terrain Scanner Seismic Detector Small Laser Particle Gun Subdweller Beam Cannon Assault Rifle Light Assault Rifle Grenade Launcher Grenade Launcher Grenade Launcher Subdweller Shrapnel Launcher Mining Laser [Rating: 13] Favorites ----------- Power Ion Engine Engine Ion Engine Propulsion Light Treads Treads Light Treads Utility Seismic Detector Device Seismic Detector Storage Large Storage Unit Protection Light Armor Plating Weapon Light Assault Rifle Energy Gun Small Laser Energy Cannon Subdweller Beam Cannon Ballistic Gun Light Assault Rifle Build | -11 -10 -10 ------- Run | Yrd Mat Sub Slots Evolved . | . . . Power . | . . . Propulsion . | . . . Utility . | . . . Weapon . | . . . Parts Attached 21 | 7 8 6 Power 4 | 1 1 2 Engine 4 | 1 1 2 Core . | . . . Reactor . | . . . Propulsion 4 | 2 2 . Treads 4 | 2 2 . Leg . | . . . Wheel . | . . . Hover . | . . . Flight . | . . . Utility 6 | 2 3 1 Device 3 | 1 1 1 Storage 2 | 1 1 . Processor . | . . . Hackware . | . . . Protection 1 | . 1 . Artifact . | . . . Weapon 7 | 2 2 3 Energy Gun 2 | 1 1 . Energy Cannon 3 | . . 3 Ballistic Gun 2 | 1 1 . Ballistic Cannon . | . . . Launcher . | . . . Special Weapon . | . . . Impact Weapon . | . . . Slashing Weapon . | . . . Piercing Weapon . | . . . Special Melee Weapon . | . . . Unidentified Prototypes . | . . . Parts Lost 8 | . 4 4 Power 2 | . 1 1 Propulsion 3 | . 2 1 Utility 2 | . . 2 Weapon 1 | . 1 . Highest Loss Streak 3 | . 2 3 To Critical Strikes . | . . . Average Backups 9 | 2 9 14 Power 1 | . 1 1 Propulsion . | . . . Utility 3 | . 3 4 Weapon 4 | 1 4 7 Tool/Special . | . . . Unused Backups 9 | . . 9 Power 1 | . . 1 Propulsion . | . . . Utility 2 | . . 2 Weapon 6 | . . 6 Tool/Special . | . . . Average Slot Usage (%) 98 | . 98 98 Engine 13 | . 13 14 Treads 27 | . 27 27 Device 13 | . 13 13 Storage 14 | . 14 14 Energy Gun 12 | . 12 10 Energy Cannon 1 | . . 14 Ballistic Gun 14 | . 15 2 Peak Build Rating 13 | 7 10 13 Average Rating 8 | 6 8 10 On Entrance 5 | . 7 9 Naked Turns . | . . . Heaviest Build 42 | 13 31 42 Greatest Support 40 | 40 40 40 Greatest Overweight (x) 1 | . 1 1 Average Overweight (x) . | . . . Largest Inventory Capacity 15 | 8 15 15 Average Capacity 13 | 7 13 15 Most Carried 15 | 4 15 15 Average Carried 9 | 2 9 14 Final Capacity 15 | 8 15 15 Final Carried 15 | 4 13 15 Class Distribution -------------------- 64% | Mutant 35% | Scavenger-Mutant Dominant Class ---------------- Mutant | -10/Materials Scavenger-Mutant | -10/Subcaves Resources | -11 -10 -10 ----------- Run | Yrd Mat Sub Matter Collected 731 | 285 371 75 Remotely . | . . . Salvage Created 1088 | 120 753 215 Parts 77 | 11 50 16 Haulers Intercepted 2 | . 2 . Recyclers Shooed . | . . . Parts Field Recycled . | . . . Retrieved Matter . | . . . Parts Self-Destructed 6 | . . 6 Prevented . | . . . Kills | -11 -10 -10 ------- Run | Yrd Mat Sub Combat Hostiles Destroyed 23 | . 18 5 Guns 18 | . 18 . Cannons 4 | . . 4 Classes Destroyed 9 | 1 7 1 Worker 1 | . 1 . Builder 1 | . 1 . Tunneler 6 | 6 . . Hauler 2 | . 2 . Mechanic 1 | . 1 . Watcher 2 | . 2 . Swarmer 6 | . 6 . Grunt 12 | . 12 . Subdweller 5 | . . 5 Best Kill Streak 4 | 2 4 3 Combat Bots Only 4 | . 4 3 Max Kills in Single Turn 1 | 1 1 1 Gunslinging . | . . . Exploded . | . . . Melee . | . . . Uniques/NPCs Destroyed . | . . . Combat | -11 -10 -10 -------- Run | Yrd Mat Sub Hostile Shots Fired 148 | . 124 24 Missed 44 | . 38 6 Hits 104 | . 86 18 Projectile 104 | . 86 18 AOE 4 | . . 4 Critical Strikes 2 | . 1 1 Damage Taken 1434 | . 867 567 Core 276 | . 110 166 Absorbed by Shields . | . . . Regen/Repaired (Parts) 135 | . 135 . Core Remaining (%) 100 | 100 . . Volleys Fired 129 | 16 92 21 Largest 2 | 2 2 2 Hottest 160 | 60 85 160 Shots Fired 245 | 32 180 33 Gun 212 | 32 180 . Cannon 33 | . . 33 Launcher . | . . . Special . | . . . Kinetic 116 | 16 100 . Thermal 129 | 16 80 33 Explosive . | . . . Electromagnetic . | . . . Robot Hit Streak 14 | 6 14 10 Robot Miss Streak 3 | 2 3 2 Penetration Max . | . . . Secondary Targets 1 | . 1 . Max Gunslinging Chain 1 | . 1 . Shots Hit Robots 153 | 20 115 18 Core Hits 56 | 7 45 4 Critical Kills 1 | . . 1 Critical Parts Destroyed . | . . . Critical Strikes 2 | . 1 1 Burn 1 | . 1 . Meltdown 1 | . . 1 Melee Attacks . | . . . Impact . | . . . Slashing . | . . . Piercing . | . . . Sneak Attacks . | . . . Combat Hostiles . | . . . Follow-up Attacks . | . . . Damage Inflicted 1873 | 199 1223 451 Guns 1408 | 199 1209 . Cannons 451 | . . 451 Explosions . | . . . Melee . | . . . Ramming 14 | . 14 . Kinetic 568 | 61 507 . Thermal 1291 | 138 702 451 Explosive . | . . . Electromagnetic . | . . . Impact . | . . . Slashing . | . . . Piercing . | . . . Highest Corruption . | . . . Average Corruption . | . . . Corruption Purged . | . . . Corruption Blocked . | . . . Overload Shots . | . . . Overflow Damage . | . . . Projectiles . | . . . Explosions . | . . . Melee . | . . . Knockbacks . | . . . Impact . | . . . Kinetic . | . . . Secondary . | . . . Self-Inflicted Damage . | . . . Shots . | . . . Rammed 2 | . 2 . Targets Rammed 2 | . 2 . Kicked . | . . . Crushed . | . . . Highest Temperature 216 | 40 201 216 Average Temperature 48 | 16 48 96 Received Heat Transfer 270 | . 249 21 Siege Activations . | . . . Martial Activations . | . . . Shielding Activations . | . . . Robots Disrupted . | . . . Combat Hostiles . | . . . Robots Corrupted . | . . . Combat Hostiles . | . . . Parts Fried . | . . . Impact Corruptions . | . . . Robots Melted 1 | . . 1 Combat Hostiles 1 | . . 1 Parts Melted 1 | . 1 . Heat Transferred 2574 | 325 1657 592 Parts Sabotaged . | . . . Parts Stolen . | . . . Parts Stripped . | . . . Power Chain Reactions . | . . . Alert | -11 -10 -10 ------- Run | Yrd Mat Sub Maximum Alert Level . | . . . Low Security (%) 100 | 100 100 . Level 1 . | . . . Level 2 . | . . . Level 3 . | . . . Level 4 . | . . . Level 5 . | . . . High Security . | . . . Max Security . | . . . Peak Influence 101 | 5 101 . Initial . | . . . Average 41 | . 44 . Influence Increases 608 | 30 578 . Destroy 0b10 Robot/C 360 | . 360 . Destroy 0b10 Robot/NC 65 | 30 35 . Destroy Leader 68 | . 68 . Successful Hack 25 | . 25 . Select Force Hacks 60 | . 60 . Disable Machine 15 | . 15 . Lose Combat Pursuer 15 | . 15 . Influence Decreases 608 | 30 506 72 Entered New Map 36 | . . 36 Time Decay 532 | 30 466 36 Lost Part 40 | . 40 . Squads Dispatched 4 | . 4 . Investigation 3 | . 3 . Extermination . | . . . Reinforcement 1 | . 1 . Assault . | . . . Garrison . | . . . Intercept . | . . . Searches Triggered . | . . . Construction Impeded . | . . . Haulers Reinforced . | . . . Active Scanning Responses . | . . . Cargo Convoy Interrupts . | . . . Stealth | -11 -10 -10 --------- Run | Yrd Mat Sub Distress Signals 1 | . 1 . Communications Jammed . | . . . Distress Signals . | . . . Times Spotted 37 | . 31 6 Peak Tracking Total 4 | . 4 3 Tactical Retreats 1 | . 1 . Traps | -11 -10 -10 ------- Run | Yrd Mat Sub Traps Triggered 2 | . 2 . Indirectly . | . . . Trap Hack Attempts . | . . . Triggered . | . . . Disarmed . | . . . Reprogrammed . | . . . Reused . | . . . Traps Extracted . | . . . Installed . | . . . Triggered . | . . . Machines | -11 -10 -10 ---------- Run | Yrd Mat Sub Machines Disabled 1 | . 1 . Max in Single Turn 1 | . 1 . Machines Repaired . | . . . Machines Dismantled . | . . . Machines Sabotaged . | . . . Overloaded Fab Kills . | . . . Hacking | -11 -10 -10 --------- Run | Yrd Mat Sub Machines Accessed 10 | . 10 . Terminals 7 | . 7 . Fabricators . | . . . Repair Stations 1 | . 1 . Recycling Units 2 | . 2 . Scanalyzers . | . . . Garrison Access . | . . . Total Hacks 29 | . 29 . Successful 17 | . 17 . Failed 12 | . 12 . Catastrophic 2 | . 2 . Database Lockouts . | . . . Manual 16 | . 16 . Terminals 22 | . 22 . Fabricators . | . . . Repair Stations 2 | . 2 . Recycling Units 5 | . 5 . Scanalyzers . | . . . Garrison Access . | . . . Terminal Hacks 6 | . 6 . Robot Analysis 1 | . 1 . Prototype ID Bank 3 | . 3 . Locate Traps 2 | . 2 . Fabricator Hacks . | . . . Repair Station Hacks 2 | . 2 . Scan Component 1 | . 1 . Repair 1 | . 1 . Recycling Unit Hacks 1 | . 1 . Retrieve Components 1 | . 1 . Scanalyzer . | . . . Garrison Access Hacks . | . . . Unauthorized Hacks 8 | . 8 . Terminals 6 | . 6 . Botnet 1 | . 1 . Skim 5 | . 5 . Fabricators . | . . . Repair Stations . | . . . Recycling Units 2 | . 2 . Tunnel 2 | . 2 . Scanalyzers . | . . . Garrison Access . | . . . Data Cores Recovered . | . . . Used . | . . . Hacking Detections 9 | . 9 . Full Trace Events . | . . . Feedback Events . | . . . Feedback Blocked . | . . . Robot Schematics Acquired . | . . . Robots Built . | . . . Authchips . | . . . Time . | . . . Total Robot Build Rating . | . . . Part Schematics Acquired . | . . . Parts Built . | . . . Authchips . | . . . Time . | . . . Total Part Build Rating . | . . . Parts Repaired 1 | . 1 . Time 26 | . 26 . Parts Recycled . | . . . Recycled Matter . | . . . Retrieved Matter . | . . . Retrieved Components 3 | . 3 . Parts Scanalyzed . | . . . Part Schematics Acquired . | . . . Parts Damaged . | . . . Bothacking | -11 -10 -10 ------------ Run | Yrd Mat Sub Used RIF Installer . | . . . Robots Hacked . | . . . Non-combat . | . . . Combat . | . . . Robot Hacks Applied . | . . . Relay Couplers Released . | . . . Fabnet Peak Effective % . | . . . Robots Rewired . | . . . Allies Hacked . | . . . Hacks Repelled . | . . . Allies | -11 -10 -10 -------- Run | Yrd Mat Sub Total Allies . | . . . Largest Group . | . . . Highest-Rated Group . | . . . Highest-Rated Ally . | . . . Total Orders . | . . . Ally Attacks . | . . . Total Damage . | . . . Kills . | . . . Allies Corrupted . | . . . Allies Melted . | . . . Intel | -11 -10 -10 ------- Run | Yrd Mat Sub Active Infowar (turns) 4333 | 196 3706 431 Terrain 76 | . 76 . Seismic 4257 | 196 3630 431 Robot Analysis Total 1 | . 1 . Derelict Logs Recovered 1 | . . 1 Drone Launches . | . . . Drone Recoveries . | . . . Exploration | -11 -10 -10 ------------- Run | Yrd Mat Sub Turns Passed 4633 | 284 3869 480 Spaces Moved 1410 | 142 1039 229 Core 6 | 6 . . Treads 1404 | 136 1039 229 Legs . | . . . Wheels . | . . . Hover . | . . . Flight . | . . . Fastest Speed 50 | 50 160 160 Average Speed 165 | 155 166 168 Slowest Speed 240 | 160 240 240 Overloaded Moves . | . . . Propulsion Burnouts . | . . . Robots Hopped . | . . . Potential Cave-ins . | . . . Cave-ins Triggered . | . . . Exploration Rate (%) 40 | 7 99 16 Regions Visited 2 Branch Regions 1 Pre-discovered Areas 3 | . 2 1 Known Exits Taken 1 | . 1 . Unknown Exits Taken 1 | 1 . . Scrap Searched . | . . . Spaces Dug 1 | . . 1 Terrain Destroyed 3 | . . 3 Melee . | . . . Projectile 3 | . . 3 AOE . | . . . Terrain Rammed . | . . . Walls Destroyed . | . . . Machines Disabled . | . . . Actions | -11 -10 -10 --------- Run | Yrd Mat Sub Total 3470 | 174 3006 290 Wait 1867 | 5 1837 25 Move 1408 | 141 1038 229 Hop . | . . . Pick Up 20 | 5 11 4 Fast Attach 9 | 6 3 . Attach 4 | 1 2 1 Detach . | . . . Swap 27 | . 20 7 Drop 4 | . 1 3 Fire 129 | 16 92 21 Melee . | . . . Ram . | . . . Kick . | . . . Crush 2 | . 2 . Escape Stasis . | . . . Rewire . | . . . Trap . | . . . Miscellaneous . | . . . Route ------- -11/Scrapyard -10/Materials (discovered 5 exits: [*Mat x3] / [*Min] / *Sub) -10/Subcaves History --------- Turn | Location | Event 4 | -11/Scrapyard | Discovered new exit (range 15) 285 | -11/Scrapyard | Entered Materials 305 | -10/Materials | Build established: Mutant 652 | -10/Materials | Discovered new exit (range 15) 830 | -10/Materials | Discovered new exit (range 16) 1093 | -10/Materials | Discovered new exit (range 16) 2233 | -10/Materials | Discovered new exit (range 12) 2413 | -10/Materials | Repaired Lgt. Treads 3185 | -10/Materials | Build established: Scavenger-Mutant 3945 | -10/Materials | Learned location of 2 exits from Mines 3981 | -10/Materials | Identified exit to Subcaves 3981 | -10/Materials | Learned location of 1 exit from Materials 4007 | -10/Materials | Learned location of 2 exits from Mines 4022 | -10/Materials | Learned location of 1 exit from Recycling 4027 | -10/Materials | Learned 4 Recycling zone layouts 4044 | -10/Materials | Learned location of 1 exit from Storage 4154 | -10/Materials | Entered Subcaves 4155 | -10/Subcaves | Approached by a straggling Scientist 4170 | -10/Subcaves | Learned location of Zion (-7) 4227 | -10/Subcaves | Shifting Twisted Machinery released Sub. Beam Cannon 4441 | -10/Subcaves | Shifting Twisted Machinery released Sub. Shrapnel Launcher 4498 | -10/Subcaves | Shifting Twisted Machinery released Sub. Beam Cannon 4525 | -10/Subcaves | Core integrity fell below 50% 4610 | -10/Subcaves | Ambushed by Subdweller buried in earth 4619 | -10/Subcaves | Core integrity fell below 20% 4620 | -10/Subcaves | Ambushed by Subdweller buried in earth 4634 | -10/Subcaves | Destroyed by QL-OM7(R) with Subdweller Shrapnel Launcher Last Messages --------------- 04601_ QL-OM7(R) affixes Scrap Shield Fragment to Scrap Shield. 04611_ DF-9U2(R): "GOODGOOD!" 04612_ Lgt. Treads destroyed. 04613_ Sub. Beam Cannon shoots sparks and powers down. 04620_ DF-9U2(R) suffers critical hit (Meltdown). 04620_ QL-OM7(R) affixes Scrap Shield Fragment to Scrap Shield. 04621_ GJ-RU2(R): "ARGHSUB!" 04622_ Subatomizers dissect the Sub. Optics. 04628_ N9-54J(R) affixes Scrap Shield Fragment to Scrap Shield. 04628_ N9-54J(R) destroyed. 04631_ GJ-RU2(R) destroyed. 04632_ Acquired 20 matter. 04634_ Imp. Heat Sink destroyed. 04634_ Sub. Power Source destroyed. Map ----- +----------------------------------------------------+ | ?????????????????????????????????????????????????? | | ?????????????????????????????????????????????????? | | ?????????????????????????????????????????????????? | | ?????????????????????????????????????????????????? | | ?????????????????????????????????????????????????? | | ?????????????????????????????????????????????????? | | ?????????????????????????????????????????????????? | | ?????????????????????"???????????????????????????? | | ????????????????????? ???????????????????????????? | | ?????????""##??????? #???????????????????????????? | | ??????????""" ? ?? #???????????????????????????? | | ??????????? " " "" ???????????????????????????? | | ???????????? "?"""" #???????????????????????????? | | ?????? %????% #"" ##??????????????????????????? | | ??????? ???? #"""" #??????????????????????????? | | ????# #????# "" #???????????????????????????? | | ????# ##???# #???????????????????????????? | | ?????# # ?## #????????????????????????????? | | ??????# ?# ##????????????????????????????? | | ?????## ?# ###???????????????????????????? | | ?????? # ?## ## #########??????????????????? | | ????????? ""## ## #??????????????????? | | ??????#????#"!#=" # #??????????????????? | | ?????## ???#"&R* c # ! #??????????????????? | | ?????# ??#" % &%& ##?????????????????? | | ??????# ###[ *" @%&[ #?????????????????? | | ??????# # =&"" &=& ##?????????????????? | | ?????? " ! #??????????????????? | | ?????## ### #??????????????????? | | ??###### ## ##?## #??????????????????? | | ?## ##?## ##??## ######??????????????????? | | ?# #???## ###### " #????????????????????? | | ## #??## ""#?# """##????????????????????? | | # ##?# " ##### "##?????????????????????? | | #### #""#"" ##?????????????????????? | | #?## ## "" " #?????????????????????? | | #?# # ## ## # #????????????????????? | | ### ######## #????????????????????? | | ### # ##????????#????????????????????? | | ## # #??????????????????????????????? | | ##?????????????????????????????? | | ## #?????????????????????????????? | | ## #?????????????????????????????? | | ## ##?????????????????????????????? | | ### ##??????????????????????????????? | | ######## ####???????????????????????????????? | | ###????# ##??????????????????????????????????? | | # #???? #???????????????????????????????????? | | # #???# #???????????????????????????????????? | | # ##???# #???????????????????????????????????? | +----------------------------------------------------+ Best States ------------- Heat Dissipation 39 Energy Generation 15 Energy Capacity 250 Matter Stores 300 Matter Capacity 300 Sight Range 16 Terrain Scan Range 16 Terrain Scan Density 10 Armor Coverage 150 Evasion (%) 40 Recoil Reduction 2 Item Schematics ----------------- None Robot Schematics ------------------ None Fabricated ------------ Nothing Repaired ---------- Lgt. Treads | 3% | -10/Materials Alien Tech Used ----------------- None Achievements -------------- None Challenges ------------ None Game ------ Seed DeliveryThermalPerforator Manual? 0 Play Time 00:21:04 Cumulative 551.4 hours Start 2025.08.15 @ 21:04:38 End 2025.08.15 @ 22:33:13 Sessions 1 Manual Loads 0 Difficulty Rogue Special Mode None Game No. 285 Rogue 222 Adventurer 63 Explorer 0 Win Type - Total 10 Types 8/0/0/1/0/0/1/0/0/0 Lore% 91 Gallery% 84 Achievement% 69 Wizard Run 0 Options --------- Layout 2 ASCII 0 Keyboard 1 Movement Numpad Keybinds 0 Fullscreen 2 Font 24/Terminus Map View 50x44 Zoom Use 0% Tactical HUD 1 Map Filters NONE Filters NONE Steam 1 RUN: 23262150-681f-4f59-a9bb-587b17549915